 Dungeon Crawl Stone Soup version 0.23.1 (webtiles) character file.

Game seed: 13028317929784907571

34 Descartes the Grasshopper (level 3, -1/18 HPs)
             Began as a Vine Stalker Warper on Mar 10, 2019.
             Slain by a hobgoblin (2 damage)
             ... led by Robin
             ... on level 2 of the Dungeon.
             The game lasted 00:02:50 (1061 turns).

Descartes the Grasshopper (Vine Stalker Warper)     Turns: 1061, Time: 00:02:52

Health: -1/18      AC:  3    Str: 13    XL:     3   Next: 31%
Magic:  0/7        EV: 12    Int: 14    God:
Gold:   64         SH:  0    Dex: 13    Spells: 4/6 levels left

rFire    . . .     SeeInvis .   k - +1 dagger (venom)
rCold    . . .     Gourm    .   (no shield)
rNeg     . . .     Faith    .   a - +0 leather armour
rPois    .         Spirit   +   (no helmet)
rElec    .         Reflect  .   (no cloak)
rCorr    .         Harm     .   (no gloves)
MR       .....                  (no boots)
Stlth    +.........             l - amulet of rage
HPRegen  0.06/turn              (no ring)
MPRegen  0.10/turn              (no ring)

@: no status effects
A: fangs 2, magic shield, antimagic bite, no potion heal 3, rot immunity
a: Evoke Berserk Rage


You were on level 2 of the Dungeon.
You were not hungry.

You visited 1 branch of the dungeon, and saw 2 of its levels.

You collected 64 gold pieces.

Inventory:

Hand Weapons
 k - a +1 dagger of venom (weapon)
Missiles
 b - 22 stones
 d - 5 tomahawks of dispersal
 e - 2 throwing nets
 g - 12 sling bullets
 i - 2 tomahawks (quivered)
Armour
 a - a +0 leather armour (worn)
Jewellery
 l - an amulet of rage (around neck)
Scrolls
 c - 2 scrolls of blinking
 h - 2 scrolls of enchant weapon {unknown}
 n - 2 scrolls of remove curse {unknown}
 q - a scroll of magic mapping {unknown}
Potions
 j - a potion of might {unknown}
 o - 3 potions of resistance {unknown}
 p - a potion of heal wounds
Comestibles
 f - 3 rations


   Skills:
 + Level 2.0 Fighting
 + Level 0.4 Short Blades
 - Level 0.8 Throwing
 - Level 0.7 Armour
 + Level 1.8 Dodging
 + Level 1.1 Stealth
 * Level 2.6 Unarmed Combat
 + Level 2.4 Spellcasting
 * Level 3.1 Translocations


You had 4 spell levels left.
You knew the following spells:

 Your Spells              Type           Power        Failure   Level  Hunger
a - Blink                 Tloc           N/A          12%         2    ###....

Your spell library contained the following spells:

 Spells                   Type           Power        Failure   Level  Hunger
 Shroud of Golubria       Chrm/Tloc      #.........   24%         2    ###....
 Gell's Gravitas          Tloc           ##........   24%         3    ###....
 Lesser Beckoning         Tloc           ##........   24%         3    ###....
 Teleport Other           Tloc           ##......     24%         3    ###....
 Passage of Golubria      Tloc           N/A          63%         4    #####..


Dungeon Overview and Level Annotations

Branches:
Dungeon (2/15)

Altars:

Annotations:
D:2 Robin


Innate Abilities, Weirdness & Mutations

You have extremely sharp teeth.
When hurt, damage is shared between your health and your magic reserves.
Your bite disrupts and absorbs the magic of your enemies.
Potions cannot restore your health.
You are immune to rotting.


Message History

Robin is almost dead.
Robin drinks a potion.
Robin is healed!
You barely miss Robin. Your bite misses Robin.
Robin says, "Feeling lonely?"
Robin throws the goblin at you! The hobgoblin hits you.
The hobgoblin closely misses you.
You barely miss Robin. You bite Robin. You drain her power.
You feel invigorated.
Robin is moderately wounded.
Robin closely misses you. The goblin hits you. The hobgoblin hits you.
* * * LOW HITPOINT WARNING * * *
The hobgoblin barely misses you.
You hit Robin.
Robin looks as sick as possible!
Your bite misses Robin.
Robin is moderately wounded.
The goblin hits you.
* * * LOW HITPOINT WARNING * * *
The hobgoblin hits you.
* * * LOW HITPOINT WARNING * * *
Robin misses you. The hobgoblin hits you.
You die...

##### #
...#.
$###...
.#..g.#
..gSg# #
#.#gg# #..
#.#@g#
#....#..g.#
#.....<..+
###.....##
#....##.#
#.##. #.# #
# ..# ###


You could see Robin, an adder, 4 hobgoblins and 2 goblins.

Vanquished Creatures
  An adder (D:2)
  A leopard gecko (D:1)
  A ball python (D:1)
  A giant cockroach (D:1)
  4 goblins
  6 hobgoblins
  A kobold (D:1)
  A bat (D:1)
  2 frilled lizards
  4 rats
22 creatures vanquished.

Notes
Turn   | Place    | Note
-------+----------+-------------------------------------------
     0 | D:1      | Descartes the Vine Stalker Warper began the quest for the
                  | Orb.
     0 | D:1      | Reached XP level 1. HP: 11/11 MP: 4/4
   276 | D:1      | Reached XP level 2. HP: 15/15 MP: 6/6
   750 | D:1      | Learned a level 2 spell: Blink
   837 | D:2      | Reached skill level 1 in Stealth
   854 | D:2      | Reached XP level 3. HP: 14/18 MP: 7/7
  1049 | D:2      | Noticed Robin
  1061 | D:2      | Slain by a hobgoblin

Skill      XL: |  1  2 |
---------------+-------+-----
Stealth        | 1 |  1.1
Fighting       | 2 |  2.0
Short Blades   | |  0.4
Throwing       | |  0.8
Armour         | |  0.7
Dodging        | |  1.8
Unarmed Combat | |  2.6
Spellcasting   | |  2.4
Translocations | |  3.1

Action                   || total
-------------------------++-------
Melee: Unarmed           ||    32
       Bite              ||    10
       Dagger            ||    38
       Punch             ||     1
 Stab: Sleeping          ||     1
Armor: Leather armour    ||    12
Dodge: Dodged            ||    31
